 Dungeon Crawl Stone Soup version 0.29-a0-299-g4c793a2ed2 (webtiles) character file.

Game seed: 723845910921741983

12714 Leszczynek the Cleaver (level 12, -10/100 HPs)
             Began as a Human Gladiator on Mar 24, 2022.
             Was an Elder of Okawaru.
             Killed from afar by Azrael (17 damage)
             ... with damnation
             ... on level 12 of the Dungeon.
             The game lasted 01:00:57 (5459 turns).

Leszczynek the Cleaver (Human Gladiator)            Turns: 5459, Time: 01:00:58

Health: -10/100    AC: 14    Str: 18    XL:     12   Next: 23%
Magic:  0/16       EV: 13    Int:  9    God:    Okawaru [****..]
Gold:   39         SH:  0    Dex: 16    Spells: 11/11 levels left

rFire   + . .      SeeInvis +   a - +3 war axe
rCold   x . .      Faith    .   (no shield)
rNeg    + . .      Spirit   +   L - +0 acid dragon scales
rPois   .          Reflect  .   K - +1 helmet
rElec   +          Harm     .   (no cloak)
rCorr   +          Rampage  .   O - +2 pair of gloves of Zin's Anger {rElec SInv}
Will    .....                   t - +1 pair of boots
Stlth   +.........              h - amulet of guardian spirit
HPRegen 0.26/turn               u - ring of fire
MPRegen 0.15/turn               n - ring of positive energy

@: attractive, flying, hasted, invisible, very quick
A: no striking features
a: Renounce Religion, Heroism, Finesse


You were on level 12 of the Dungeon.
You worshipped Okawaru.
Okawaru was greatly pleased with you.
You visited 2 branches of the dungeon, and saw 14 of its levels.

You collected 585 gold pieces.
You spent 546 gold pieces at shops.

Inventory:

Hand Weapons
 a - a +3 war axe (weapon)
 c - a +0 war axe of flaming
 z - the +5 great sword of the Inferno {holy, Int+3}
   (You found it on level 9 of the Dungeon)

   It has been blessed by the Shining One to cause great damage to the undead
   and demons.
   Int:       It affects your intelligence (+3).
 C - a +2 dire flail
 F - a +4 flail
Missiles
 e - 3 curare-tipped darts
 g - 3 atropa-tipped darts
 j - 21 poisoned darts
 q - 2 boomerangs
 H - 2 silver javelins {god gift}
 I - 6 javelins (quivered) {god gift}
Armour
 r - a +0 chain mail of willpower
 t - a +1 pair of boots (worn)
 D - a +1 chain mail of cold resistance
 K - a +1 helmet (worn)
 L - +0 acid dragon scales (worn)
 O - the +2 pair of gloves of Zin's Anger (worn) {rElec SInv}
   (You bought it in a shop on level 10 of the Dungeon)

   rElec:     It insulates you from electricity.
   SInv:      It lets you see invisible.
Jewellery
 h - an amulet of guardian spirit (around neck)
 l - a ring of wizardry
 n - a ring of positive energy (right hand)
 o - a ring of flight
 u - a ring of fire (left hand)
Wands
 x - a wand of iceblast (7)
 J - a wand of digging (13)
Scrolls
 b - a scroll of fog {unknown}
 d - a scroll of silence {unknown}
 m - 2 scrolls of immolation {!r}
 p - a scroll of magic mapping
 s - a scroll of vulnerability {unknown}
 v - 2 scrolls of enchant weapon
 w - a scroll of teleportation
 y - a scroll of enchant armour
 E - a scroll of summoning {unknown}
 G - a scroll of fear
 M - 3 scrolls of identify {@r1}
 N - a scroll of amnesia {unknown}
Potions
 k - a potion of curing {@q1}


   Skills:
 * Level 11.3 Fighting
 * Level 11.4 Axes
 + Level 8.1 Throwing
 + Level 2.5 Armour
 + Level 4.9 Dodging
 + Level 5.8 Invocations


You had 11 spell levels left.
You didn't know any spells.
Your spell library contained the following spells:

 Spells                   Type           Power      Damage    Failure   Level
 Corpse Rot               Necr/Air       0%         N/A       63%         2
 Ensorcelled Hibernation  Hex/Ice        0%         N/A       63%         2
 Poisonous Vapours        Pois/Air       0%         N/A       63%         2
 Conjure Flame            Conj/Fire      0%         6-21      85%         3
 Ignite Poison            Fire/Tmut/Pois 0%         N/A       85%         3
 Ozocubu's Armour         Ice            0%         N/A       85%         3
 Portal Projectile        Hex/Tloc       0%         N/A       85%         3
 Stone Arrow              Conj/Erth      0%         3d7       85%         3
 Leda's Liquefaction      Hex/Erth       0%         N/A       99%         4
 Sticky Flame             Conj/Fire      0%         2d3       99%         4
 Ozocubu's Refrigeration  Ice            0%         4d5       100%        7
 Lehudib's Crystal Spear  Conj/Erth      0%         10d2      100%        8
 Animate Armour           Summ/Erth      Unusable   N/A       N/A         4
 Simulacrum               Ice/Necr       Unusable   N/A       N/A         6

Dungeon Overview and Level Annotations

Branches:
Dungeon (13/15)            Temple (1/1) D:7            Lair (0/6) D:9
    Orc: D:9-12      Vaults: D:13-14

Altars:
Ashenzari
Cheibriados
Dithmenos
Elyvilon
Fedhas
Gozag
Hepliaklqana
Kikubaaqudgha
Makhleb
Nemelex Xobeh
Okawaru
Qazlal
Ru
Trog
Vehumet
Wu Jian
Xom
Yredelemnul
Zin
The Shining One

Shops:
D:1 =::[   D:6 (   D:8 (   D:10 *

Annotations:
D:9 lair probably (d. yaks roaming)
D:12 SONJA ROAMING!, Azrael, Sonja


Message History

* * * LOW HITPOINT WARNING * * *
The fireball engulfs the fire elemental.
The fire elemental completely resists.
The fireball engulfs Azrael.
Azrael completely resists.
Unknown command.
It was a potion of invisibility.
You fade into invisibility!
The fire elemental completely misses you.
Azrael hits you with a +2 scimitar of flaming!
* * * LOW HITPOINT WARNING * * *
Azrael burns you.
* * * LOW HITPOINT WARNING * * *
The fire elemental closely misses you.
Unknown command.
You feel yourself speed up. Azrael closely misses you.
The fire elemental hits you. The fire elemental burns you! You resist.
* * * LOW HITPOINT WARNING * * *
Unknown command.
Unknown command.
You feel better. Azrael gestures at you. The bolt of fire misses you.
The fire elemental hits you. The fire elemental burns you! You resist.
* * * LOW HITPOINT WARNING * * *
It was a potion of flight.
You feel very buoyant.
You fly up into the air.
The fire elemental hits you. The fire elemental burns you! You resist.
* * * LOW HITPOINT WARNING * * *
It was a potion of attraction.
You feel attractive to monsters. Azrael misses you.
Unknown command.
It was a potion of magic.
Magic courses through your body.
You feel like a meek peon again. The fire elemental hits you.
The fire elemental burns you! You resist.
* * * LOW HITPOINT WARNING * * *
Azrael gestures at you.
The sphere of damnation explodes!
The damnation engulfs you!!
You die...

.. ...
############+#...
#..............☼h
#...............☼
#..............R.
#......E)......°.
#......@)).......
#.......R........
#................
#.......######...
#.......# ..
#.......# .
#.....<.+
+.......#


You could see Azrael (can't see you) and a fire elemental (can't see you).

Vanquished Creatures
  3 two-headed ogres
  5 death yaks (D:9)
  Urug (D:11)
  Maggie (D:10)
  A komodo dragon (D:7)
  A troll (D:12)
  3 polar bears (D:10)
  2 vampires (D:11)
  A wyvern (D:9)
  A wraith (D:11)
  11 yaks (D:10)
  A steam dragon (D:9)
  3 hell hounds (D:12)
  A water moccasin (D:9)
  2 orc warriors
  3 black bears
  2 ice beasts
  2 ogres
  3 wolves
  3 phantoms (D:5)
  A centaur (D:10)
  2 kobold brigands
  3 bullfrogs
  4 scorpions
  4 necrophages
  10 wights
  4 howler monkeys
  4 hounds
  An orc priest (D:8)
  4 iguanas
  6 orc wizards
  4 river rats
  4 adders
  5 white imps
  2 howler monkey simulacra (D:10)
  3 ufetubi
  A worm (D:2)
  25 orcs
  7 endoplasms
  4 giant cockroaches
  8 goblins
  5 hobgoblins
  5 jackals
  19 kobolds
  9 quokkas
  2 ball pythons (D:4)
  4 bats
  A frilled lizard (D:1)
  22 rats
223 creatures vanquished.

Vanquished Creatures (others)
  An orc wizard (D:12)
  A goblin (D:10)
  3 plants (D:6)
5 creatures vanquished.

Grand Total: 228 creatures vanquished

Notes
Turn   | Place    | Note
-------+----------+-------------------------------------------
     0 | D:1      | Leszczynek the Human Gladiator began the quest for the Orb.
     0 | D:1      | Reached XP level 1. HP: 16/16 MP: 1/1
    61 | D:1      | Found Diolicata's Book Emporium.
    97 | D:1      | Reached XP level 2. HP: 15/22 MP: 2/2
   110 | D:1      | frilled lizard will solo me
   110 | D:1      | XD
   164 | D:1      | Found Fokoniat's Jewellery Emporium.
   243 | D:1      | Found Capnois's Book Shoppe.
   254 | D:1      | Reached XP level 3. HP: 18/28 MP: 3/3
   486 | D:1      | Found Oczi's Armour Shoppe.
   587 | D:3      | Reached skill level 3 in Fighting
   587 | D:3      | Reached XP level 4. HP: 33/35 MP: 4/4
   665 | D:3      | Reached XP level 5. HP: 31/41 MP: 5/5
   792 | D:4      | HP: 5/41 [iguana (10)]
   797 | D:4      | Reached skill level 4 in Axes
   880 | D:5      | Entered Level 5 of the Dungeon
   884 | D:5      | Reached XP level 6. HP: 32/47 MP: 6/6
   895 | D:5      | Found a burning altar of Makhleb.
   930 | D:5      | Noticed a black bear
  1002 | D:5      | Noticed an ice beast
  1003 | D:5      | shit
  1007 | D:5      | Killed an ice beast
  1008 | D:5      | Reached skill level 4 in Fighting
  1008 | D:5      | Reached skill level 3 in Throwing
  1010 | D:4      | good rolls
  1057 | D:5      | Reached skill level 4 in Dodging
  1057 | D:5      | Reached XP level 7. HP: 32/54 MP: 4/7
  1111 | D:5      | Reached skill level 5 in Axes
  1245 | D:5      | Reached skill level 5 in Fighting
  1253 | D:5      | Reached XP level 8. HP: 22/62 MP: 2/8
  1265 | D:5      | HP: 14/93 [river rat (5)]
  1270 | D:5      | HP: 14/93 [river rat (2)]
  1368 | D:5      | the fuck
  1386 | D:5      | Reached skill level 4 in Throwing
  1503 | D:4      | Reached skill level 6 in Axes
  1717 | D:5      | there's nothing here?
  1717 | D:5      | what a waste of time
  1751 | D:5      | Reached skill level 6 in Fighting
  2035 | D:6      | Reached skill level 7 in Axes
  2035 | D:6      | Reached XP level 9. HP: 20/71 MP: 4/9
  2051 | D:6      | Found Cotagh's Weapon Emporium.
  2068 | D:6      | Bought a +3 war axe for 287 gold pieces
  2120 | D:6      | Reached skill level 5 in Throwing
  2173 | D:6      | Reached skill level 7 in Fighting
  2329 | D:7      | Found a staircase to the Ecumenical Temple.
  2335 | Temple   | Entered the Ecumenical Temple
  2394 | Temple   | Became a worshipper of Warmaster Okawaru
  2412 | D:7      | Got the Grimoire of the Fetching Glacier
  2432 | D:7      | Noticed a komodo dragon
  2440 | D:7      | Killed a komodo dragon
  2451 | D:7      | Identified the +8 long sword of Dalaoch {freeze, rF+ rC+++
                  | rCorr Stlth+}
  2452 | D:7      | oooof
  2539 | D:6      | Reached skill level 8 in Axes
  2656 | D:8      | Reached * piety under Okawaru
  2663 | D:8      | Reached skill level 8 in Fighting
  2770 | D:8      | Found Kusot's Weapon Shop.
  2772 | D:8      | Found a glowing silver altar of Zin.
  2865 | D:10     | Entered Level 10 of the Dungeon
  2866 | D:10     | Noticed a polar bear
  2868 | D:10     | hmm
  2886 | D:9      | i will miss bailey
  2908 | D:9      | fucking long blades
  2908 | D:9      | give me a randart battleaxe
  2911 | D:9      | Reached skill level 6 in Throwing
  2911 | D:9      | Reached XP level 10. HP: 62/80 MP: 8/10
  2928 | D:9      | Identified the +5 great sword of the Inferno {holy, Int+3}
  2943 | D:9      | Reached skill level 1 in Invocations
  2961 | D:9      | Noticed a death yak
  2961 | D:9      | Noticed a death yak
  2961 | D:9      | Noticed a death yak
  2961 | D:9      | Noticed a death yak
  2962 | D:9      | um
  2991 | D:8      | i don't feel very confident
  3193 | D:9      | Reached skill level 9 in Axes
  3214 | D:9      | Found a staircase to the Lair.
  3299 | D:9      | Reached ** piety under Okawaru
  3300 | D:9      | Reached skill level 2 in Invocations
  3308 | D:9      | Noticed a death yak
  3348 | D:9      | Noticed a death yak
  3349 | D:9      | isn't there too much
  3476 | D:9      | Killed a death yak
  3477 | D:9      | Reached skill level 9 in Fighting
  3529 | D:9      | Killed a death yak
  3529 | D:9      | Reached *** piety under Okawaru
  3530 | D:9      | Reached skill level 3 in Invocations
  3563 | D:9      | Noticed a death yak
  3578 | D:9      | Killed a death yak
  3578 | D:9      | Received a gift from Okawaru
  3587 | D:9      | Killed a death yak
  3588 | D:9      | Reached skill level 10 in Axes
  3588 | D:9      | Reached skill level 7 in Throwing
  3588 | D:9      | Reached XP level 11. HP: 43/90 MP: 9/13
  3601 | D:9      | ow
  3653 | D:9      | Killed a death yak
  3653 | D:9      | Reached **** piety under Okawaru
  3654 | D:9      | Reached skill level 10 in Fighting
  3654 | D:9      | Reached skill level 4 in Invocations
  3747 | D:10     | Noticed a two-headed ogre
  3766 | D:10     | Killed a two-headed ogre
  3792 | D:10     | Received a gift from Okawaru
  4180 | D:10     | Noticed Maggie
  4181 | D:10     | uhh
  4213 | D:10     | Killed Maggie
  4287 | D:10     | Reached skill level 5 in Invocations
  4321 | D:10     | what the fuck
  4321 | D:10     | suicide iceblast goblin
  4412 | D:12     | Noticed Sonja
  4414 | D:12     | oh no nonononono
  4426 | D:11     | maaan
  4440 | D:11     | Reached skill level 1 in Armour
  4520 | D:10     | Noticed a two-headed ogre
  4532 | D:10     | Killed a two-headed ogre
  4533 | D:10     | Reached skill level 11 in Axes
  4678 | D:11     | Noticed Urug
  4678 | D:11     | Noticed a two-headed ogre
  4679 | D:11     | uh
  4698 | D:11     | Killed Urug
  4795 | D:11     | Killed a two-headed ogre
  4796 | D:11     | Reached skill level 11 in Fighting
  4796 | D:11     | Reached skill level 2 in Armour
  4796 | D:11     | Reached XP level 12. HP: 66/100 MP: 13/16
  4838 | D:11     | HP: 16/92 [gargoyle/+1 flail of draining (3)]
  4839 | D:11     | HP: 6/92 [gargoyle/+1 flail of draining (18)]
  5028 | D:10     | Found Toroig's Assorted Antiques.
  5034 | D:10     | Bought a scroll labelled LYDWEB TADYNN for 21 gold pieces
  5034 | D:10     | Bought a scroll labelled GIAFRE DOANO for 21 gold pieces
  5034 | D:10     | Bought a pair of crude gloves for 199 gold pieces
  5034 | D:10     | Identified the +2 pair of gloves of Zin's Anger {rElec
                  | SInv} (You bought it in a shop on level 10 of the Dungeon)
  5034 | D:10     | Bought a glowing amethyst potion for 18 gold pieces
  5117 | D:10     | Reached skill level 8 in Throwing
  5381 | D:10     | You are sucked into a shaft and drop 3 floors!
  5382 | D:13     | hm
  5382 | D:13     | too deep
  5382 | D:13     | Noticed a vault guard
  5427 | D:12     | Noticed Azrael
  5430 | D:12     | come on...
  5453 | D:12     | HP: 19/100 [Azrael/fireball (10)]
  5455 | D:12     | HP: 7/100 [fire elemental[Azrael] (3)]
  5459 | D:12     | Killed from afar by Azrael

Illustrated notes ......##..... . ... ......g.#.#. #.#.## ............ ..... ......#.#.# .#.### . #........# #....# ...#.....#..####....#### .........##.....#.# ..# .!.....Bl)....#.#.####.# ...#....#@..........##.### #.#.(##..##.#.#.......# # #...##.(#.......#...# #... #.∩.#....#..##.# .....###.##.......### ..#.#. #......##..... ..#.### ####.....####. ##.##.# ## #..... # Turn 110 on D:1: frilled lizard will solo me ...... ...... #....# .....## .|...# #...## #...#### #.@Y...# #......# #......# #......# #......# #..$...# #......# #....>.# Turn 1003 on D:5: shit #............#.##.#.# #...####.....#.##.# #...# #.......##.# ##...####.......# #.......######..# #....†..# #####.# #.......# #...#.## #.......###......# #.......'......@.# #.......######...# ####+#### #...# #...# #...# #...# #...# #...# Turn 1010 on D:4: good rolls #.#.. ## #.... . .# ##... #. ## #.# #..# #.# #.# #.# ##... ##.###..# #.# #.... #.#...####### #.# #...# #.†.###..#.###.###...# #†...@.##.#.##.##....# #r.##.##.###.#...##....# .r.###.#..## ##.##.#..#.## #.$r ..# ##.# ####.#..#.## #nl r## .# #........ #. rr # #.....(.. # 5 #........ #........ #........ Turn 1368 on D:5: the fuck #.......# .##.. #....##.## ...#.. ##...##..## #..... ##.##†###.## #.#.. ##.####...#.## #.... #.## #.####..# .# ##... #.# ##.# ##.## #.# #..# #.# #.## ##.# #.# ##... ### ##.###@.# #.# #.... #.#...####### #.# #...# ##.÷.###÷.#.###.###...# ######÷.....##.#.##.##....# ##..#..##.##.###.#...##....# #....###.#..## ##.##.#..#.## #....#..####.## ####.#..#.## #.....## ###.# #........ #...÷.#####..## #.....(.. Turn 1717 on D:5: there's nothing here? ##...## #P.P..#### #.......# ##.##[.... ........ #...#P.# #...... ..>....########....[ #...#P###.....#.... ##.##..##.###.#... #P.P......##..##.# ##...###..#..###@## #######......#...## ###.......(<.....# #...##.......>....# ###.........<.......# #....##............... ........(..........#### ..####..#.........## ..# ##.####..###### Turn 2452 on D:7: oooof ##### #...# #.@.# #...# #........ #.?.##... .h.... ..≈ ≈....... .≈ Y.≈≈h.≈...≈ ..≈≈≈≈≈≈... .≈≈≈≈≈≈..#. Turn 2868 on D:10: hmm #. # ##.#.#####..### #.#.#.##.# #....# # ###...<.#.# #.##.##.# ......##.#.# #.......# ##.##......# ####.#### # ####.####### #.# .#####.......# #.# #...........>.# ##.# #[...##.@..<..###.#.# #### #.......##.###.# #.......#.## #.# #........## #.# #.......#.# ## ####.#####.# .... #.# #.#.## #.# #.## .# Turn 2886 on D:9: i will miss bailey #..#####.#####.# #............##.# #..###.#.###.###.# ##..###.##...... .# #.............# # #.#.......(....# #..........#.## ##.##......#.# #. ##.@..## # # #.......# .$.......# #####...### #...# #..)# #..z# .... Turn 2908 on D:9: fucking long blades .###.).....# .....).....# .# ######.).### ##.# #)..# ######... #..)###.... .>### ####...##..####.... #.......[.........# #. ........>......#..#.... #...........##.@....## #####...##............. #...###......#.Y.#. #...# ######## Y... #.... Y.Y ##.# .. . Turn 2962 on D:9: um #...............### #.# ###.##..............#####.# ..........................# .##.#.∩..#.............##.# #.##..##..#...###.##.##># #..##..#...###.##.##.#### ...................##....# ...#..###.#...........#.#..# ................@##.#####......# ##...#........##.##.# ###....# #. ..........##.##.# #.#### #.. #.....#........# #.# #####. ####.# #.# #.# #.# #.# #.# #.# Turn 2991 on D:8: i don't feel very confident #.###.).....# # #.....).....# .# #######.[.### ##.# #[..# ######...# #..)###.... .>### #####...##..####..... ..###.......[.........# .(..........>......#..#.. #...@.......##.)....# #####...##........... #...###......#... #...# ######## Y. #.S... .# #... ##Y#.## .###... #.Y.Y#####.F.#... #... ...##..#.... .Y #.##..#.... Turn 3349 on D:9: isn't there too much

[.### ###.# #........#.###.#.#
..# ######...# #####.####.###....
.)###......>#####.......#.......#
.Y##..####...(((..........#####.#
..[.........####........### #.#
..>......#..#...........# ####.#
......##.)....##Y.......# ##.##.#
..##....................###.#.#.#
..###......#...#@.......##.###...
S.# ########........#######.#.#.#
Y... ...# #........# ##.####
.#Y## #.###........## #.#
Y..#####...#.........# #.# ..
...##..#..........#######.# .Y
#.##..#....>.....##......#
#.##.##..#..............#####
##....).......##.......#.#


Turn 3601 on D:9: ow ...# #..#######..# ...# .#.......#....# ...#
.'.......#....# ...# $.#.......#....# ..(# ..#.......#....# ...+ ....Z....#....#
...# ....... #....# ...# #..#.#..####'########## ...... .......@..........#...#
...... .@.#.#............#.<.# ....... .................#...# .......
.................#...Z. ..... ..................#.Yh## ###########.............
#......≈...... #........≈≈≈.≈ ......≈≈≈≈≈≈ Turn 4181 on D:10: uhh
..........<......#.......#....... .................#.......'.......
.................#.......#....... ................(#.......#.......
.................+............... .................#....†..........
.................#####†#..#.#.... ####.....#####.(...))†........... #.....#
#..@.........#.#.... #.....# #...)............... #.....#...'...................
#.....#.).#................... #######(..#################### ... ≈≈≈ Turn 4321
on D:10: what the fuck .....##+## h.h......# ..h......# . .........# ..
.....h...# ... ......)..# .... #.. #)## ..... #.<..##).#...... #......<@+......
#........#...... +........# ..... #....##..# §... #.... #..# ... #... ...+ ..
.... ...# . ... ##### Turn 4414 on D:12: oh no nonononono #># ##.###########
###### ####...##.......# ...... #...<.....#####.# ###### #.##...##.# # ##.###.#
#.###.# #.....#####.# #####.@.)...# ###.###... .# .# .# .# V# .. Turn 4426 on
D:11: maaan ... #..# #..# ### #... #.) #..# #.# #..######.. #.# #.####.........
#.# #......@....... ######.# ######.#..####O .......# #.#..#
######.########.#..o. ................##.#.. .####...######### .#.... #.#.# .#
... #...# .. .. #.# ##.## #.# Turn 4679 on D:11: uh .....≈≈≈≈ #....≈≈≈ #.....≈≈
#...... #.....# ####.....###### ...>........... .......@....... ###+#####......
###.. Turn 5382 on D:13: hm .. ... ############+#... #...............h
#...............☼ #..............R. #................ #......@.o.......
#........oo...... #................ #.......######... #.......# .. #.......# .
#.....<.+ +.......# Turn 5430 on D:12: come on...

Levels and vault maps discovered:
D:1:      minmay_arrival_hallway, layout_rooms, serial_shops, shop,
          nicolae_shop_waterfront, shop, shop, st_stairs_11
D:2:      layout_loops_ring
D:3:      layout_loops_cross
D:4:      layout_basic, minmay_tree_intersection
D:5:      lemuel_ratsnest, layout_rooms, mainiacjoe_overflow_alcove_2
D:6:      layout_rooms, serial_shops, nicolae_lakefront_shop,
          grunt_ministairs_14, serial_bayou_crossing
D:7:      layout_rooms, nicolae_uskayaw_dance_studio,
          minmay_temple_entry_gardened_gates
D:8:      layout_basic, mainiacjoe_overflow_concentric_impassable, zin_academy,
          serial_shops, shop
D:9:      layout_loops_cross, dpeg_lair_monsters
D:10:     layout_gridville, enter_bailey_5, serial_shops, shop_statue,
          serial_ice, serial_ice_o, serial_ice_f, serial_ice_e, serial_ice_c,
          serial_ice_b, serial_ice_i, serial_ice_n, serial_ice_d, uniq_maggie
D:11:     layout_loops_ring, uniq_urug
D:12:     layout_gridville, kennysheep_orc_monster_closet_entryway, uniq_rupert,
          uniq_azrael, uniq_kirke, uniq_sonja, uniq_erolcha
D:13:     layout_irregular_city, grunt_vaults_entry_fortified, uniq_jorgrun
Temple:   mainiacjoe_temple_coin_purse

Skill      XL: |  1  2  3  4  5  6  7  8  9 10 11 12 |
---------------+-------------------------------------+-----
Fighting       | 3 4 5 6 8 9 11 | 11.3
Axes           | 4 5 7 8 10 11 | 11.4
Throwing       | 3 4 6 7 8 |  8.1
Dodging        | 4 |  4.9
Invocations    | 3 5 |  5.8
Armour         | 2 |  2.5

Action                   |  1- 3 |  4- 6 |  7- 9 | 10-12 || total
-------------------------+-------+-------+-------+-------++-------
Melee: War axe           |    90 |    84 |   283 |   270 ||   727
       Punch             |       |       |     4 |     7 ||    11
Throw: Dart              |     9 |     3 |    18 |    24 ||    54
       Throwing net      |     3 |     3 |     1 |       ||     7
       Boomerang         |       |     9 |    82 |    89 ||   180
       Javelin           |       |       |     3 |    15 ||    18
Invok: Heroism           |       |       |       |    17 ||    17
       Finesse           |       |       |       |     2 ||     2
Evoke: Wand              |       |       |       |     2 ||     2
  Use: Potion            |       |     1 |     5 |     8 ||    14
       Scroll            |       |     3 |     3 |     7 ||    13
 Stab: Held in net/web   |       |     1 |       |       ||     1
       Invisible         |       |       |       |     6 ||     6
Armor: Leather armour    |    29 |     6 |       |       ||    35
       Ring mail         |       |    27 |    90 |    37 ||   154
       Skin              |       |       |    34 |       ||    34
       Acid dragon scale |       |       |       |    36 ||    36
Dodge: Dodged            |    62 |    64 |   165 |   137 ||   428

Table legend: (Time is in decaauts)
 A = Elapsed time spent in this place.
 B = Non-inter-level travel time spent in this place.
 C = Inter-level travel time spent in this place.
 D = Time resting spent in this place.
 E = Time spent auto-exploring this place.
 F = Levels seen in this place.
 G = Mean time per level.
                   A        B        C        D        E       F      G
               +--------+--------+--------+--------+--------+-----+--------+
         Total |   5694 |   5387 |    307 |      0 |      0 |  14 |  406.7 |
       Dungeon |   5624 |   5326 |    298 |      0 |      0 |  13 |  432.6 |
        Temple |     69 |     60 |      9 |      0 |      0 |   1 |   69.0 |
               +--------+--------+--------+--------+--------+-----+--------+

Top non-repeatable levels by time:
    D:10: 1066 daAuts
     D:9: 893 daAuts
     D:5: 736 daAuts
    D:11: 549 daAuts
     D:6: 529 daAuts
     D:1: 427 daAuts
     D:4: 383 daAuts
     D:8: 342 daAuts
     D:2: 236 daAuts
     D:7: 208 daAuts
     D:3: 153 daAuts
  Temple: 69 daAuts
    D:12: 58 daAuts
    D:13: 37 daAuts
